 Dungeon Sprint DCSS version 0.22-a0-460-g49b1da7 (webtiles) character file.

1257 emperorscorpion the Thaumaturge (level 8, -22/43 HPs)
             Began as a Deep Elf Air Elementalist on June 9, 2018.
             Was an Elder of Sif Muna.
             Annihilated by a white ugly thing (32 damage)
             ... in the Dungeon (Sprint IX: "|||||||||||||||||||||||||||||").
             The game lasted 00:02:15 (235 turns).

emperorscorpion the Thaumaturge (DEAE)               Turns: 235, Time: 00:02:16

Health: -22/43     AC:  5    Str:  8    XL:     8   Next: 27%
Magic:  4/27       EV: 17    Int: 22    God:    Sif Muna [****..]
Gold:   0          SH:  0    Dex: 16    Spells: 21/33 levels left

rFire    . . .     SeeInvis .   a - staff of energy
rCold    . . .     Gourm    .   (no shield)
rNeg     . . .     Faith    .   n - +0 robe
rPois    .         Spirit   .   p - +0 helmet
rElec    .         Reflect  .   (no cloak)
rCorr    .         Harm     .   (no gloves)
MR       .....     NoTele   +   (no boots)
Stlth    +++.......             (no amulet)
HPRegen  0.14/turn              r - +3 ring of strength
MPRegen  0.20/turn              s - +2 ring of protection

@: no status effects
A: no striking features
a: Divine Energy, Channel Magic, Forget Spell, Renounce Religion


You were in the Dungeon.
You worshipped Sif Muna.
Sif Muna was greatly pleased with you.
You were not hungry.

You visited 1 branch

Inventory:

Hand Weapons
 b - a +2 rapier of protection
Armour
 n - a +0 robe (worn)
 p - a +0 helmet (worn)
 q - a +2 ring mail
Magical Staves
 a - an uncursed staff of energy (weapon)
Jewellery
 r - a +3 ring of strength (left hand)
 s - a +2 ring of protection (right hand)
Wands
 m - a wand of iceblast (9)
Scrolls
 i - 2 scrolls of blinking
 k - 3 scrolls of remove curse
 l - 2 scrolls of amnesia
Potions
 d - 5 potions of curing
 e - 3 potions of heal wounds
 f - a potion of haste
 g - 4 potions of magic
 j - a potion of invisibility
Comestibles
 c - a ration
 o - 14 chunks of flesh


   Skills:
 + Level 1.1 Fighting
 + Level 3.8 Short Blades
 + Level 6.8 Dodging
 + Level 5.5 Stealth
 * Level 13.3 Spellcasting
 + Level 4.3 Conjurations
 * Level 9.2 Charms
 + Level 10.7 Air Magic
 + Level 1.5 Evocations


You had 21 spell levels left.
You knew the following spells:

 Your Spells              Type           Power        Failure   Level  Hunger
a - Shock                 Conj/Air       ####         1%          1    None
b - Swiftness             Chrm/Air       ######..     1%          2    None
c - Airstrike             Air            ######....   1%          4    None
d - Lightning Bolt        Conj/Air       #####.....   5%          5    None

Your spell library contained the following spells:

 Spells                   Type           Power        Failure   Level  Hunger
 Static Discharge         Conj/Air       #####...     1%          3    None


Dungeon Overview and Level Annotations

Branches:
Dungeon (1/1)

Altars:
Cheibriados
Dithmenos
Elyvilon
Fedhas
Gozag
Hepliaklqana
Kikubaaqudgha
Makhleb
Nemelex Xobeh
Okawaru
Qazlal
Ru
Sif Muna
Trog
Uskayaw
Vehumet
Wu Jian
Xom
Yredelemnul
Zin
The Shining One
Beogh
Jiyva
Lugonu


Message History

You hear a mighty clap of thunder!
The bolt of lightning misses the white ugly thing.
The bolt of lightning misses the hornet.
The bolt of lightning hits the two-headed ogre.
The two-headed ogre is lightly wounded.
Unknown command.
Things that are here:
a giant club; an ogre skeleton
There is an open door to the Dungeon, spattered with blood here.
You see here a sky beast corpse.
The white ugly thing closely misses you.
You see here a +0 helmet.
Items here: ))))) a +2 scimitar of slicing; a +0 lajatang; a +2 halberd of protection a +2 dire flail of crushing; a +1 broad axe of chopping The white ugly thing engulfs you!
* * * LOW HITPOINT WARNING * * *
The white ugly thing freezes you!!
Ouch! That really hurt!
You die... ▓▓▓▓▓▓▓▓▓▓▓▓▓▓▓▓▓▓▓▓▓▓▓▓▓▓▓▓▓▓▓▓▓ .).....)†..O[y)u@.'______________ ▓▓▓▓▓▓▓▓▓▓▓▓▓▓▓▓▓▓▓▓▓▓▓▓▓▓▓▓▓▓▓▓▓

You could see a white ugly thing, a two-headed ogre and a hornet.

Vanquished Creatures
  A tengu warrior (D)
  A komodo dragon (D)
  A sky beast (D)
  A black bear (D)
  An ogre (D)
  A killer bee (D)
  An orc priest (D)
  2 hounds (D)
  A dart slug (D)
  A bat zombie (D)
  A goblin (D)
  3 hobgoblins (D)
  A bat (D)
  A giant cockroach zombie (D)
  A jackal skeleton (D)
  A leopard gecko zombie (D)
19 creatures vanquished.

Notes
Turn   | Place    | Note
-------+----------+-------------------------------------------
     0 | D        | emperorscorpion the Deep Elf Air Elementalist began the quest for the Orb.
     0 | D        | Reached XP level 1. HP: 10/10 MP: 6/6
    54 | D        | Noticed a hound
    54 | D        | Noticed an orc priest
    54 | D        | Noticed a hound
    59 | D        | Killed a hound
    59 | D        | Reached skill level 5 in Spellcasting
    59 | D        | Reached skill level 5 in Air Magic
    59 | D        | Reached XP level 2. HP: 8/15 MP: 2/10
    59 | D        | Reached XP level 3. HP: 10/19 MP: 2/11
    60 | D        | Reached skill level 6 in Spellcasting
    60 | D        | Reached XP level 4. HP: 13/24 MP: 1/14
    61 | D        | Reached skill level 7 in Spellcasting
    70 | D        | Found a roughly hewn altar of Beogh.
    70 | D        | Found a snail-covered altar of Cheibriados.
    70 | D        | Found a shadowy altar of Dithmenos.
    70 | D        | Found a white marble altar of Elyvilon.
    70 | D        | Found a blossoming altar of Fedhas.
    70 | D        | Found an opulent altar of Gozag.
    71 | D        | Found a hazy altar of Hepliaklqana.
    72 | D        | Found a viscous altar of Jiyva.
    73 | D        | Found an ancient bone altar of Kikubaaqudgha.
    74 | D        | Found a corrupted altar of Lugonu.
    75 | D        | Found a burning altar of Makhleb.
    76 | D        | Found a sparkling altar of Nemelex Xobeh.
    77 | D        | Found an iron altar of Okawaru.
    78 | D        | Found a stormy altar of Qazlal.
    79 | D        | Found a sacrificial altar of Ru.
    80 | D        | Found a deep blue altar of Sif Muna.
    81 | D        | Found a bloodstained altar of Trog.
    82 | D        | Found a hide-covered altar of Uskayaw.
    83 | D        | Found a radiant altar of Vehumet.
    84 | D        | Found an ornate altar of the Wu Jian Council.
    85 | D        | Found a shimmering altar of Xom.
    86 | D        | Found a basalt altar of Yredelemnul.
    87 | D        | Found a glowing silver altar of Zin.
    88 | D        | Became a worshipper of Sif Muna the Loreminder
    89 | D        | Found a glowing golden altar of the Shining One.
   128 | D        | Learned a level 2 spell: Swiftness
   133 | D        | Learned a level 4 spell: Airstrike
   165 | D        | Noticed a black bear
   165 | D        | Noticed an ogre
   165 | D        | Noticed a sky beast
   170 | D        | Killed a sky beast
   170 | D        | Reached * piety under Sif Muna
   170 | D        | Reached skill level 9 in Spellcasting
   170 | D        | Reached XP level 5. HP: 28/28 MP: 15/18
   172 | D        | Killed an ogre
   172 | D        | Reached skill level 1 in Short Blades
   172 | D        | Reached skill level 5 in Dodging
   172 | D        | Reached XP level 6. HP: 33/33 MP: 15/20
   173 | D        | Reached ** piety under Sif Muna
   179 | D        | Reached skill level 10 in Spellcasting
   179 | D        | Reached skill level 5 in Charms
   196 | D        | Learned a level 5 spell: Lightning Bolt
   217 | D        | Noticed a two-headed ogre
   217 | D        | Noticed a hornet
   217 | D        | Noticed a white ugly thing
   217 | D        | Noticed a komodo dragon
   217 | D        | Noticed a tengu warrior
   220 | D        | Killed a tengu warrior
   220 | D        | Reached *** piety under Sif Muna
   220 | D        | Reached **** piety under Sif Muna
   220 | D        | Reached skill level 1 in Fighting
   220 | D        | Reached skill level 5 in Stealth
   220 | D        | Reached skill level 12 in Spellcasting
   220 | D        | Reached skill level 10 in Air Magic
   220 | D        | Reached skill level 1 in Evocations
   220 | D        | Reached XP level 7. HP: 17/38 MP: 6/25
   220 | D        | Reached XP level 8. HP: 20/43 MP: 6/26
   220 | D        | Killed a komodo dragon
   220 | D        | Reached skill level 13 in Spellcasting
   235 | D        | Annihilated by a white ugly thing

Vault maps used:
D:        linesprint

Skill      XL: |  1  2  3  4  5  6  7  8 |
---------------+-------------------------+-----
Air Magic      | 5 6 7 8 10 | 10.7
Dodging        | 3 4 5 6 |  6.8
Stealth        | 3 4 5 |  5.5
Spellcasting   | 5 6 9 12 13 | 13.3
Conjurations   | 2 4 |  4.3
Charms         | 3 4 8 9 |  9.2
Short Blades   | 1 3 |  3.8
Fighting       | 1 |  1.1
Evocations     | 1 |  1.5

Action                   |  1- 3 |  4- 6 |  7- 9 || total
-------------------------+-------+-------+-------++-------
Melee: Rapier            |       |    19 |       ||    19
 Cast: Shock             |     9 |     2 |       ||    11
       Lightning Bolt    |       |     2 |     2 ||     4
       Airstrike         |       |     1 |       ||     1
Evoke: Wand              |       |     1 |       ||     1
       Staff of energy   |       |     1 |       ||     1
  Use: Potion            |       |     1 |       ||     1
Armor: Robe              |     2 |     5 |       ||     7
Dodge: Dodged            |     4 |    20 |     1 ||    25

Table legend:
 A = Spawn XP
 B = Non-spawn XP
 C = Spawn XP percentage of total XP
 D = Spawn monster count
 E = Non-spawn monster count
 F = Spawn count percentage of total count
 G = Total turns spent on level
                    A         B        C        D         E        F      G
               +---------+---------+-------+---------+---------+-------+---------
         Total |       0 |    1797 |   0.0 |       0 |      19 |   0.0 |   235
               +---------+---------+-------+---------+---------+-------+---------
             D |       0 |    1797 |   0.0 |       0 |      19 |   0.0 |   235
               +---------+---------+-------+---------+---------+-------+---------
